 Dungeon Crawl Stone Soup version 0.21.1-1-g345015f (webtiles) character file.

278 Fang the Chopper (level 6, -9/39 HPs)
             Began as a Gargoyle Berserker on May 16, 2018.
             Was a Priest of Trog.
             Mangled by an ogre
             ... wielding a +0 giant club
              (15 damage)
             ... on level 5 of the Dungeon.
             The game lasted 00:05:47 (4408 turns).

Fang the Chopper (Gargoyle Berserker)               Turns: 4408, Time: 00:05:47

Health: -9/39      AC: 13    Str: 22    XL:     6   Next: 26%
Magic:  6/6        EV: 12    Int:  8    God:    Trog [***...]
Gold:   213        SH:  0    Dex:  9    Spells: 5/5 levels left

rFire    . . .     SeeInvis .   a - +0 hand axe
rCold    . . .     Gourm    .   (no shield)
rNeg     + . .     Faith    .   b - +1 animal skin
rPois    ∞         Spirit   .   (no helmet)
rElec    +         Reflect  .   (no cloak)
rCorr    .         Harm     .   (no gloves)
MR       +....                  (no boots)
Stlth    +.........             n - amulet of magic regeneration
HPRegen  0.13/turn              d - +6 ring of protection
MPRegen  0.35/turn              k - ring of protection from magic

@: no status effects
A: negative energy resistance 1, electricity resistance, unbreathing,
petrification resistance, rot immunity, AC +4
a: Berserk, Trog's Hand, Burn Spellbooks, Renounce Religion


You were on level 5 of the Dungeon.
You worshipped Trog.
Trog was most pleased with you.
You were near starving.

You visited 1 branch of the dungeon, and saw 5 of its levels.
You also visited: Sewer.

You collected 213 gold pieces.

Inventory:

Hand Weapons
 a - a +0 hand axe (weapon)
Armour
 b - a +1 animal skin (worn)
Jewellery
 d - a +6 ring of protection (left hand)
 k - a ring of protection from magic (right hand)
 n - an amulet of magic regeneration (around neck)
Scrolls
 h - 3 scrolls of teleportation
 l - a scroll of fear
 s - a scroll of remove curse
Potions
 e - a potion of cancellation
 g - a potion of curing
 i - a potion of lignification
 p - 2 potions of might
 q - a potion of berserk rage
 t - a potion of invisibility
 u - a potion of brilliance
Comestibles
 c - 5 rations


   Skills:
 + Level 4.3 Fighting
 + Level 4.8 Axes
 + Level 2.3 Armour
 + Level 2.8 Dodging
 + Level 1.1 Stealth


You had 5 spell levels left.
You didn't know any spells.

Dungeon Overview and Level Annotations

Branches:
Dungeon (5/15)             Temple (0/1) D:4

Altars:
Ashenzari
Qazlal
Sif Muna


Innate Abilities, Weirdness & Mutations

You are resistant to torment.
Your stone body is resilient. (AC +4)
You are immune to poison.
You resist negative energy. (rN+)
You are resistant to electric shocks. (rElec)
You can survive without breathing.
You are immune to petrification.
You are immune to rotting.


Message History

Unknown command.
You hit the ogre.
The ogre is heavily wounded.
You hit the centaur. The centaur hits you.
* * * LOW HITPOINT WARNING * * *
The ogre barely misses you.
Unknown command.
You hit the ogre but do no damage.
The ogre is heavily wounded.
You closely miss the adder zombie. You closely miss the centaur.
The centaur hits you but does no damage.
The adder zombie barely misses you.
The centaur hits you but does no damage.
The ogre barely misses you.
You hit the ogre.
The ogre is severely wounded.
You barely miss the centaur. You barely miss the adder zombie.
The centaur misses you. The adder zombie closely misses you.
The ogre hits you with a giant club!
You die...

.# ###++######.
....#.....#
.........#
#.......#
#.[....#
#ZO...# #.@c..#
...............
#.[###########$
#


You could see an ogre, a centaur and an adder zombie.

Vanquished Creatures
  A crimson imp (D:4)
  2 orc wizards (D:3)
  2 hound skeletons (D:4)
  Robin (D:3)
  2 adders (D:3)
  2 river rats (D:4)
  A worm (D:2)
  3 leopard geckos
  2 orcs (D:3)
  8 giant cockroaches
  13 goblins
  10 hobgoblins
  5 jackals (Sewer)
  13 kobolds
  6 ball pythons
  11 bats
  8 frilled lizards
  A quokka skeleton (D:4)
  13 rats
  A plant (Sewer)
105 creatures vanquished.

Notes
Turn   | Place    | Note
-------+----------+-------------------------------------------
     0 | D:1      | Fang the Gargoyle Berserker began the quest for the Orb.
     0 | D:1      | Reached XP level 1. HP: 14/14 MP: 1/1
    92 | D:1      | Reached XP level 2. HP: 13/19 MP: 2/2
   620 | D:1      | Reached XP level 3. HP: 23/24 MP: 3/3
   641 | D:1      | Reached ** piety under Trog
  2103 | D:2      | Found a shattered altar of Ashenzari.
  2113 | D:2      | Found a stormy altar of Qazlal.
  2118 | D:2      | Found a deep blue altar of Sif Muna.
  2220 | D:3      | Reached XP level 4. HP: 28/29 MP: 4/4
  2276 | D:3      | Noticed Robin
  2284 | D:3      | Killed Robin
  2404 | D:3      | Reached *** piety under Trog
  2404 | D:3      | Reached XP level 5. HP: 19/33 MP: 5/5
  3164 | D:4      | Found a staircase to the Ecumenical Temple.
  3204 | D:4      | Reached skill level 1 in Stealth
  3357 | D:4      | Found a glowing drain.
  3377 | Sewer    | Entered a sewer
  3400 | Sewer    | Reached XP level 6. HP: 29/38 MP: 6/6
  4352 | D:4      | Noticed a phantom
  4360 | D:4      | Noticed a phantom
  4401 | D:5      | Entered Level 5 of the Dungeon
  4408 | D:5      | Mangled by an ogre

Skill      XL: |  1  2  3  4  5 |
---------------+----------------+-----
Axes           | 3 4 |  4.8
Dodging        | 2 |  2.8
Fighting       | 4 |  4.3
Stealth        | 1 |  1.1
Armour         | |  2.3

Action                   |  1- 3 |  4- 6 || total
-------------------------+-------+-------++-------
Melee: Hand axe          |   145 |   361 ||   506
Invok: Berserk           |     2 |     2 ||     4
  Use: Scroll            |       |    16 ||    16
       Potion            |       |     2 ||     2
  Eat: Chunk             |     5 |     9 ||    14
Armor: Animal skin       |    67 |   165 ||   232
Dodge: Dodged            |   129 |   230 ||   359
